 Dungeon Crawl Stone Soup version 0.31-a0-1603-gbec6b6ccbf (webtiles) character file.

Game seed: 7046572596822358680

7665 experimilk the Grappler (level 10, 0/93 HPs)
             Began as a Troll Gladiator on Jan 7, 2024.
             Was a Follower of Hepliaklqana.
             Slain by a 14-headed hydra (15 damage)
             ... on level 10 of the Dungeon.
             The game lasted 00:18:53 (10620 turns).

experimilk the Grappler (Troll Gladiator)          Turns: 10620, Time: 00:18:53

Health: 0/93       AC:  5    Str: 28    XL:     10   Next: 99%
Magic:  9/9        EV: 10    Int:  4    God:    Hepliaklqana [*.....]
Gold:   180        SH:  0    Dex: 11    Spells: 9/9 levels left

rFire   . .          .
                       - Unarmed
rCold   . . .        (no shield)
rNeg    . . .        w - +0 robe
rPois   +            b - +0 hat
rElec   .            y - +0 cloak
rCorr   .            (gloves unavailable)
SInv    .            (boots unavailable)
Will    .....        (no amulet)
Stlth   +            o - ring of wizardry
HPRegen 1.15/turn    B - ring of poison resistance
MPRegen 0.11/turn

%: wizardry (x1)
@: no status effects
A: reduced essence, large, unfitting armour, claws 3, regeneration 1, shaggy fur
1, tough skin 1
a: Renounce Religion, Recall Ancestor, Ancestor Identity


You were on level 10 of the Dungeon.
You worshipped Hepliaklqana.
Hepliaklqana was aware of your devotion.
You visited 2 branches of the dungeon, and saw 11 of its levels.

You collected 502 gold pieces.
You spent 322 gold pieces at shops.

Inventory:

Missiles
 a - 4 poisoned darts
 q - 2 throwing nets (quivered)
 x - 10 boomerangs
Armour
 b - a +0 hat (worn)
 w - a +0 robe (worn)
 y - a +0 cloak (worn)
Jewellery
 m - a ring of positive energy
 o - a ring of wizardry (left claw)
 B - a ring of poison resistance (right claw)
 N - a ring of positive energy
Wands
 v - a wand of iceblast (7)
 C - a wand of flame (16)
 E - a wand of paralysis (13)
 M - a wand of light (17)
 O - a wand of digging (6)
Scrolls
 e - 6 scrolls of teleportation
 f - a scroll of poison {unknown}
 l - a scroll of fear {unknown}
 n - a scroll of enchant weapon
 r - 3 scrolls of blinking
 u - 2 scrolls of enchant armour {unknown}
 A - 3 scrolls of amnesia
 G - 2 scrolls of noise {unknown}
 H - a scroll of vulnerability {unknown}
 K - 2 scrolls of fog
 P - a scroll of revelation
 Q - a scroll of identify
Potions
 c - 3 potions of might
 g - 6 potions of lignification
 h - 3 potions of heal wounds
 i - 7 potions of degeneration
 j - a potion of attraction {unknown}
 k - 8 potions of curing
 p - 2 potions of brilliance {unknown}
 t - a potion of resistance {unknown}
 D - a potion of ambrosia
 F - 2 potions of haste
 I - a potion of magic {unknown}
 J - a potion of mutation {unknown}
 L - a potion of cancellation {unknown}


   Skills:
 * Level 8.1 Fighting
 - Level 10.0 Throwing
 - Level 2.4 Dodging
 - Level 10.0 Unarmed Combat


You had 9 spell levels left.
You didn't know any spells.
Your spell library contained the following spells:

 Spells                   Type           Power      Damage    Failure   Level
 Kiss of Death            Conj/Necr      0%         2d5       22%         1
 Call Imp                 Summ           0%         N/A       32%         2
 Sublimation of Blood     Necr           0%         N/A       32%         2
 Confusing Touch          Hex            0%         N/A       52%         3
 Dazzling Flash           Conj/Hex       0%         N/A       52%         3
 Volatile Blastmotes      Fire/Tloc      0%         2d10      52%         3
 Dispel Undead            Necr           0%         3d6       89%         4
 Starburst                Conj/Fire      0%         6d3       100%        6
 Summon Hydra             Summ           0%         N/A       100%        7
 Maxwell's Capacitive Co  Air            0%         ∞         100%        8


Dungeon Overview and Level Annotations

Branches:
Dungeon (10/15)            Temple (1/1) D:6             Orc (0/2) D:9
   Lair: D:8-11

Altars:
Ashenzari
Cheibriados
Dithmenos
Elyvilon
Fedhas
Gozag
Hepliaklqana
Kikubaaqudgha
Makhleb
Nemelex Xobeh
Okawaru
Qazlal
Ru
Sif Muna
Trog
Uskayaw
Vehumet
Wu Jian
Xom
Yredelemnul
Zin
The Shining One

Shops:
D:9 ?


Innate Abilities, Weirdness & Mutations

Your life essence is reduced to manifest your ancestor. (-10% HP)
You are too large for most types of armour.
You have claws for hands.
Your natural rate of healing is unusually fast.
You are covered in fur. (AC +1)
You have tough skin. (AC +1)


Message History

You strike the helpless nine-headed hydra from behind!
You tear one of the nine-headed hydra's heads off!
The eight-headed hydra grows two more!
You mangle the ten-headed hydra!!
The ten-headed hydra is heavily wounded.
You catch the helpless ten-headed hydra completely off-guard!
You claw one of the ten-headed hydra's heads off!
The nine-headed hydra grows two more!
You mangle the 11-headed hydra!!
The 11-headed hydra is severely wounded.
The 11-headed hydra struggles against the net.
You catch the helpless 11-headed hydra completely off-guard!
You rip one of the 11-headed hydra's heads off!
The ten-headed hydra grows two more!
You claw the 12-headed hydra!
The 12-headed hydra is heavily wounded.
The 12-headed hydra struggles against the net.
You claw one of the 12-headed hydra's heads off!
The 11-headed hydra grows two more!
You claw the 13-headed hydra!
The 13-headed hydra is heavily wounded.
The 13-headed hydra struggles against the net.
You catch the helpless 13-headed hydra completely off-guard!
You scratch the 13-headed hydra.
The 13-headed hydra is severely wounded.
The 13-headed hydra struggles against the net.
The net rips apart, and the 13-headed hydra comes free!
You rip one of the 13-headed hydra's heads off!
The 12-headed hydra grows two more!
You mangle the 14-headed hydra!!
The 14-headed hydra is severely wounded.
You completely miss the 14-headed hydra.
The 14-headed hydra is severely wounded.
The 14-headed hydra closely misses you. The 14-headed hydra misses you.
The 14-headed hydra bites you but does no damage.
The 14-headed hydra bites you.
The 14-headed hydra completely misses you.
The 14-headed hydra bites you! The 14-headed hydra barely misses you.
The 14-headed hydra closely misses you. The 14-headed hydra bites you!
The 14-headed hydra bites you. The 14-headed hydra bites you!
* * * LOW HITPOINT WARNING * * *
The 14-headed hydra bites you!
* * * LOW HITPOINT WARNING * * *
The 14-headed hydra bites you!
You die...

....#.# ......#
......####+######
................#
.....†..##..##..#
.#......##..##..#
.#.###..........#######.
.#.#.###'####...........
.#.'.##..R..#.#.@D##..#.
.#.####.....#.....((....
.#.# #.....########....
...#............# .(.
...####.........# ..
......#####..##.# .
....#.....#..# #
....#...#.#...
..........#####


You could see a 14-headed hydra.

Vanquished Creatures
  A two-headed ogre (D:9)
  Maurice (D:9)
  A komodo dragon (D:10)
  2 trolls
  2 hornets
  Grinder (D:6)
  2 shadows (D:9)
  A vampire (D:10)
  A steam dragon (D:10)
  3 yaks (D:10)
  2 water moccasins (D:7)
  An orc warrior (D:8)
  3 sky beasts
  A black bear (D:4)
  2 ice beasts
  5 centaurs
  3 phantoms
  2 kobold brigands
  6 bullfrogs
  5 scorpions
  3 wights (D:8)
  12 killer bees
  3 howler monkeys
  A bombardier beetle (D:3)
  2 gnoll boudas
  5 orc priests
  3 jellies (D:6)
  Crazy Yiuf (D:4)
  4 hounds
  Jessica (D:3)
  Ijyb (D:4)
  6 iguanas
  2 sleepcaps
  13 orc wizards
  8 adders
  4 gnolls (D:5)
  A shadow imp (D:7)
  A white imp (D:6)
  2 ufetubi (D:6)
  4 dart slugs
  2 ribbon worms
  35 orcs
  5 ball pythons
  5 endoplasms
  2 giant cockroaches
  3 goblins
  7 hobgoblins
  9 jackals
  4 quokkas
  3 bats
  3 frilled lizards
  11 kobolds
  3 rats
214 creatures vanquished.

Vanquished Creatures (collateral kills)
  A howler monkey (D:9)
  3 orcs
  A kobold (D:9)
5 creatures vanquished.

Vanquished Creatures (others)
  An orc wizard (D:4)
  7 ancestors
8 creatures vanquished.

Grand Total: 227 creatures vanquished

Notes
Turn   | Place    | Note
-------+----------+-------------------------------------------
     0 | D:1      | experimilk the Troll Gladiator began the quest for the Orb.
     0 | D:1      | Reached XP level 1. HP: 19/19 MP: 0/0
    45 | D:1      | You fall into a shaft and drop 1 floor!
    63 | D:2      | Noticed an orc wizard
   171 | D:1      | Reached XP level 2. HP: 27/27 MP: 1/1
   329 | D:1      | Found a faded altar of an unknown god.
   914 | D:2      | Reached XP level 3. HP: 33/33 MP: 2/2
  1328 | D:2      | Reached XP level 4. HP: 38/41 MP: 3/3
  1375 | D:2      | Found a shimmering altar of Xom.
  1752 | D:3      | Noticed Jessica
  1756 | D:3      | Killed Jessica
  1757 | D:3      | Reached skill level 5 in Unarmed Combat
  1757 | D:3      | Reached XP level 5. HP: 48/48 MP: 4/4
  2296 | D:3      | Reached XP level 6. HP: 19/55 MP: 5/5
  2561 | D:4      | Found a glowing silver altar of Zin.
  2721 | D:4      | Found a broken altar of Ashenzari.
  2892 | D:4      | Reached XP level 7. HP: 42/62 MP: 6/6
  3026 | D:4      | Noticed Ijyb
  3034 | D:4      | Killed Ijyb
  3235 | D:4      | Found a shimmering blue altar of Sif Muna.
  3235 | D:4      | Found a burning altar of Makhleb.
  3363 | D:4      | Found a runed translucent door.
  3364 | D:4      | Noticed Crazy Yiuf
  3691 | D:4      | Killed Crazy Yiuf
  3777 | D:5      | Entered Level 5 of the Dungeon
  3789 | D:5      | Reached skill level 5 in Throwing
  3864 | D:5      | Reached XP level 8. HP: 70/70 MP: 7/7
  4879 | D:5      | Found a sacrificial altar of Ru.
  4919 | D:6      | Reached skill level 10 in Unarmed Combat
  5273 | D:6      | Found a staircase to the Ecumenical Temple.
  5293 | D:6      | Reached XP level 9. HP: 71/76 MP: 8/8
  5296 | Temple   | Entered the Ecumenical Temple
  5302 | Temple   | Became a worshipper of Hepliaklqana the Forgotten
  5391 | D:6      | Noticed Grinder
  5401 | D:6      | Killed Grinder
  5501 | D:6      | Found an ornate altar of the Wu Jian Council.
  5896 | D:7      | Found a radiant altar of Vehumet.
  5904 | D:7      | Identified the +8 hand axe of Fafus {venom, rF- rN+ rCorr
                  | Dex+6}
  5956 | D:7      | Paralysed by a hornet for 2 turns
  6344 | D:7      | Identified the +9 rapier of Dust {venom, rElec}
  7851 | D:8      | Reached skill level 10 in Throwing
  8005 | D:8      | Reached * piety under Hepliaklqana
  8130 | D:8      | Reached XP level 10. HP: 79/79 MP: 9/9
  8525 | D:9      | Noticed a two-headed ogre
  8537 | D:9      | Killed a two-headed ogre
  8547 | D:9      | Noticed Maurice
  8667 | D:9      | Found a sparkling altar of Nemelex Xobeh.
  8778 | D:9      | Found a staircase to the Orcish Mines.
  8806 | D:9      | Reached skill level 5 in Fighting
  9185 | D:9      | Killed Maurice
  9424 | D:9      | Found Vapniusch's Magic Scroll Boutique.
  9429 | D:9      | Bought a scroll of teleportation for 45 gold pieces
  9429 | D:9      | Bought a scroll of identify for 30 gold pieces
  9429 | D:9      | Bought a scroll of revelation for 112 gold pieces
  9429 | D:9      | Bought a scroll of teleportation for 45 gold pieces
  9429 | D:9      | Bought a scroll of fog for 60 gold pieces
  9429 | D:9      | Bought a scroll of identify for 30 gold pieces
  9475 | D:10     | Entered Level 10 of the Dungeon
  9658 | D:10     | Found a snail-covered altar of Cheibriados.
  9740 | D:10     | Noticed a four-headed hydra
 10620 | D:10     | Slain by a 14-headed hydra

Illustrated notes

Levels and vault maps discovered:
D:1:      dpeg_arrival_three_bigger_balls, layout_loops_ring,
          shapermc_ecumenical_altar_venn
D:2:      layout_loops_cross, basic_altar
D:3:      layout_basic, uniq_jessica
D:4:      layout_basic, nicolae_ashenzari_panopticon, zin_treasury,
          gammafunk_temple_overflow_elements, serial_aquarium,
          aquarium_bridge_square [aquarium_subvault_bridge,
          aquarium_subvault_window, aquarium_subvault_bridge,
          aquarium_subvault_bridge], aquarium_window_2, aquarium_window_2,
          aquarium_view_2d, aquarium_pool_split, uniq_crazy_yiuf_cottage,
          uniq_ijyb
D:5:      layout_basic, nicolae_ru_path_of_blood, serial_glass, glass_columns_c,
          glass_columns_a, glass_columns_b, glass_columns_b,
          blue_anna_alchemist, grunt_ministairs_11
D:6:      layout_loops_ring, mainiacjoe_overflow_cross_hatched,
          minmay_temple_entry_crystal_x, kennysheep_generic_room_8, uniq_grinder
D:7:      layout_basic, nicolae_vehumet_altar_sigil
D:8:      layout_loops_cross
D:9:      layout_gridville, mainiacjoe_overflow_small_starburst, serial_shops,
          nicolae_shop_back_alley_shop, serial_bayou_pond_a, uniq_maurice
D:10:     layout_stronghold, kennysheep_mini, grunt_potential
Temple:   compressed_dpeg_triangle_lava_temple

Skill      XL: |  1  2  3  4  5  6  7  8  9 10 |
---------------+-------------------------------+-----
Throwing       | 2 3 4 5 6 10 | 10.0
Unarmed Combat | 4 5 6 8 10 | 10.0
Fighting       | 2 8 |  8.1
Dodging        | |  2.4

Action                     |  1- 3 |  4- 6 |  7- 9 | 10-12 || total
---------------------------+-------+-------+-------+-------++-------
  Melee: Unarmed           |    82 |   123 |   256 |   104 ||   565
         Punch             |     1 |     3 |    17 |     2 ||    23
  Throw: Boomerang         |       |       |    20 |    12 ||    32
         Dart              |       |       |    16 |    28 ||    44
         Large rock        |       |       |     6 |     4 ||    10
         Throwing net      |       |       |       |     6 ||     6
  Evoke: Wand              |       |       |     1 |     1 ||     2
    Use: Scroll            |       |     4 |     2 |     4 ||    10
   Stab: Sleeping          |       |       |     1 |       ||     1
         Held in net/web   |       |       |       |     6 ||     6
         Invisible         |       |       |       |     1 ||     1
 Armour: Robe              |    53 |   109 |   195 |    83 ||   440
  Dodge: Dodged            |    32 |    64 |    97 |    56 ||   249

Table legend: (Time is in decaauts)
 A = Elapsed time spent in this place.
 B = Non-inter-level travel time spent in this place.
 C = Inter-level travel time spent in this place.
 D = Time resting spent in this place.
 E = Time spent auto-exploring this place.
 F = Levels seen in this place.
 G = Mean time per level.
                   A        B        C        D        E       F      G
               +--------+--------+--------+--------+--------+-----+--------+
         Total |  10525 |  10230 |    295 |   2235 |   6303 |  11 |  956.8 |
       Dungeon |  10512 |  10217 |    295 |   2235 |   6303 |  10 | 1051.2 |
        Temple |     12 |     12 |      0 |      0 |      0 |   1 |   12.0 |
               +--------+--------+--------+--------+--------+-----+--------+

Top non-repeatable levels by time:
     D:7: 1905 daAuts
     D:4: 1218 daAuts
    D:10: 1130 daAuts
     D:5: 1117 daAuts
     D:3: 1111 daAuts
     D:9: 957 daAuts
     D:6: 850 daAuts
     D:1: 801 daAuts
     D:8: 797 daAuts
     D:2: 622 daAuts
  Temple: 12 daAuts
